 Dungeon Crawl Stone Soup version 0.25-a0-410-g53dbb631d1 (webtiles) character file.

Game seed: 4826075874054858541, levelgen mode: deterministic

47404 LairdRich the Severer (level 14, 0/133 HPs)
             Began as a Minotaur Berserker on Jan 13, 2020.
             Was a High Priest of Trog.
             Slain by a blink frog (7 damage)
             ... on level 6 of the Lair of Beasts.
             The game lasted 01:19:13 (22641 turns).

LairdRich the Severer (Minotaur Berserker)         Turns: 22641, Time: 01:19:14

Health: 0/133      AC: 23    Str: 25    XL:     14   Next: 8%
Magic:  22/22      EV: 24    Int:  4    God:    Trog [*****.]
Gold:   436        SH:  0    Dex: 12    Spells: 13/13 levels left

rFire    . . .     SeeInvis .   b - +2 halberd (flame)
rCold    . . .     Gourm    .   (shield currently unavailable)
rNeg     . . .     Faith    .   D - +3 plate armour {rPois}
rPois    +         Spirit   .   s - +0 hat
rElec    .         Reflect  .   g - scarf {repulsion}
rCorr    +         Harm     .   t - +2 pair of gloves
MR       +....                  (no boots)
Stlth    ..........             u - amulet of the acrobat
HPRegen  0.32/turn              p - ring of resist corrosion
MPRegen  0.18/turn              M - ring of magical power

@: about to teleport, acrobat, repel missiles, very slow
A: retaliatory headbutt, horns 2
a: Berserk, Trog's Hand, Brothers in Arms, Renounce Religion


You were on level 6 of the Lair of Beasts.
You worshipped Trog.
Trog was extremely pleased with you.
You were hungry.

You visited 2 branches of the dungeon, and saw 16 of its levels.
You also visited: Sewer.

You collected 839 gold pieces.
You spent 403 gold pieces at shops.

Inventory:

Hand Weapons
 a - a +2 battleaxe of chopping
 b - a +2 halberd of flaming (weapon)
 x - a +0 antimagic executioner's axe
 G - a +2 broad axe
 J - a +4 broad axe of draining
 Q - a +5 war axe
Armour
 g - a scarf of repulsion (worn)
 s - a +0 hat (worn)
 t - a +2 pair of gloves (worn)
 D - a +3 plate armour of poison resistance (worn)
 E - the +1 plate armour of Autumn {+Fly rF+}
   (You found it on level 9 of the Dungeon)

   It protects you from fire.
   It lets you fly.
Jewellery
 p - a ring of resist corrosion (left hand)
 u - an amulet of the acrobat (around neck)
 L - an uncursed amulet of regeneration {unknown}
 M - a ring of magical power (right hand)
Wands
 c - a wand of digging (17)
 y - a wand of disintegration (14)
 z - a wand of iceblast (16)
 B - a wand of scattershot (6)
 F - a wand of flame (38)
 I - a wand of polymorph (4)
 N - a wand of paralysis (5)
 P - a wand of clouds (4)
Scrolls
 d - 5 scrolls of remove curse
 h - 8 scrolls of teleportation
 j - 2 scrolls of fear
 k - a scroll of blinking
 o - 11 scrolls of identify
 C - 7 scrolls of immolation
 H - 2 scrolls of enchant armour
Potions
 f - a potion of cancellation
 i - 5 potions of brilliance
 l - 10 potions of curing
 m - 3 potions of flight
 q - 6 potions of haste
 r - 3 potions of heal wounds
 v - 6 potions of agility
 w - a potion of might
 A - 4 potions of lignification
 K - a potion of invisibility {unknown}
Comestibles
 e - 18 rations
 n - 3 chunks of flesh


   Skills:
 + Level 14.7 Fighting
 * Level 19.4 Axes
 + Level 14.4 Armour
 - Level 2.6 Dodging


You had 13 spell levels left.
You didn't know any spells.
Your spell library was empty.

Dungeon Overview and Level Annotations

Branches:
Dungeon (10/15)            Temple (0/1) D:5            Lair (6/6) D:9
 Shoals (0/4) Lair:4       Spider (0/4) Lair:4        Slime (0/5) Lair:6
    Orc (0/2) D:10          Sewer (visited)

Altars:
Ashenzari
Cheibriados
Elyvilon
Gozag
Hepliaklqana
Nemelex Xobeh
Sif Muna
Trog
Uskayaw
Wu Jian
Yredelemnul
The Shining One
Jiyva

Shops:
D:8 [

Annotations:
Lair:1 exclusion: oklob plant
Lair:2 exclusion: oklob plant
Lair:3 exclusion: ice statue
Lair:6 exclusion: oklob plant


Innate Abilities, Weirdness & Mutations

You reflexively headbutt those who attack you in melee.
You have a pair of horns on your head.


Message History

The seven-headed hydra bites you but does no damage.
The seven-headed hydra barely misses you.
The seven-headed hydra bites you but does no damage. x3
The seven-headed hydra bites you.
* * * LOW HITPOINT WARNING * * *
As you read the scroll of teleportation, it crumbles to dust.
You feel strangely unstable.
The yak bellows!
The blink frog hits you but does no damage.
The blink frog hits you!
* * * LOW HITPOINT WARNING * * *
The seven-headed hydra bites you but does no damage. x5
The seven-headed hydra bites you!
* * * LOW HITPOINT WARNING * * *
The seven-headed hydra bites you.
* * * LOW HITPOINT WARNING * * *
The yak gores you but does no damage.
A yak comes into view.
The blink frog hits you!
You die...

P≈≈≈≈≈≈≈≈≈...........#..
≈≈≈≈≈≈≈≈≈...Y...(..P....
≈≈P≈≈≈P≈≈..P............
≈≈≈≈≈≈≈≈≈...YP..........
≈≈≈≈≈≈≈≈..Y...........#.
###≈≈.≈≈≈≈≈≈≈≈$.≈.......#.## ≈
##≈≈P≈≈≈≈≈≈≈≈Y.Y..........####
≈###≈≈≈≈≈P≈≈≈≈≈.YD..##..P...(# #.
≈≈≈#≈≈P≈P≈≈≈≈.PP@F.≈###....### #.
.≈≈P≈≈≈≈..≈P...####P##P..÷######♣
.............## ###....#.....♣.
≈......≈.≈.### #P...........
.............# ##.....♣......
=............### ##.......♣...†.
...............####.......♣......
.....#<÷÷..........<......♣......
........÷÷....###P.###....../!...


You could see a seven-headed hydra, 6 yaks and a blink frog.

Vanquished Creatures
  Harold (D:8)
  5 hydras
  Erica (Lair:1)
  A catoblepas (Lair:3)
  A death yak (Lair:4)
  A lindwurm (Lair:5)
  Pikel (D:4)
  A wolf spider (Lair:1)
  A merfolk siren (Lair:4)
  8 black mambas
  5 elephants (Lair:3)
  A torpor snail (Lair:6)
  26 spiny frogs
  Maggie (D:8)
  3 komodo dragons
  A merfolk (Lair:4)
  Grinder (D:5)
  3 polar bears
  A hornet (D:10)
  A queen bee (Lair:3)
  2 tyrant leeches
  Prince Ribbit (D:7)
  10 hippogriffs
  19 blink frogs
  Sigmund (D:5)
  3 wyverns
  5 vampire mosquitoes (Lair:6)
  18 yaks
  5 basilisks
  Eustachio (D:4)
  A steam dragon (D:9)
  20 water moccasins
  Duvessa (D:7)
  3 sky beasts
  7 porcupines
  6 ice beasts (Lair:3)
  5 orc warriors
  A phantom (D:9)
  26 wolves
  6 centaurs
  6 ogres
  15 crocodiles
  8 big kobolds
  24 bullfrogs
  Blork the orc (D:4)
  Dowan (D:7)
  A water moccasin skeleton (D:8)
  5 scorpions
  29 killer bees
  5 wights (D:9)
  3 electric eels
  3 crimson imps
  A centaur zombie (D:5)
  A centaur skeleton (D:10)
  5 orc priests
  4 jellies
  3 bullfrog skeletons
  4 gnoll shamans
  4 iguanas
  17 orc wizards
  7 worker ants
  2 worker ant zombies
  A howler monkey zombie (D:9)
  Robin (D:2)
  39 gnolls
  15 adders
  A howler monkey skeleton (D:9)
  2 river rats
  A white imp (Lair:3)
  6 oozes
  An adder skeleton (D:9)
  4 worms
  A dart slug (D:2)
  6 leopard geckos
  31 orcs
  4 ball pythons
  12 giant cockroaches
  12 goblins
  15 hobgoblins
  21 jackals
  5 quokkas
  14 bats
  4 frilled lizards
  A jackal skeleton (D:6)
  29 kobolds
  3 quokka skeletons
  A quokka zombie (D:8)
  9 rats
  A fungus (Lair:6)
  13 plants
607 creatures vanquished.

Vanquished Creatures (others)
  Psyche (D:8)
  A gnoll (D:9)
  10 fungi
  40 plants
52 creatures vanquished.

Grand Total: 659 creatures vanquished

Notes
Turn   | Place    | Note
-------+----------+-------------------------------------------
     0 | D:1      | LairdRich the Minotaur Berserker began the quest for the
                  | Orb.
     0 | D:1      | Reached XP level 1. HP: 19/19 MP: 0/0
   352 | D:1      | Reached XP level 2. HP: 26/27 MP: 1/1
   753 | D:2      | Found a sparkling altar of Nemelex Xobeh.
   784 | D:2      | Reached skill level 4 in Axes
   834 | D:2      | Reached ** piety under Trog
   843 | D:2      | Reached XP level 3. HP: 26/33 MP: 2/2
   972 | D:2      | Found a hazy altar of Hepliaklqana.
  1448 | D:3      | Noticed Robin
  1474 | D:2      | Reached XP level 4. HP: 36/41 MP: 3/3
  1653 | D:2      | Killed Robin
  1868 | D:3      | Reached skill level 5 in Axes
  1978 | D:3      | Noticed a centaur
  1995 | D:3      | Killed a centaur
  1995 | D:3      | Reached XP level 5. HP: 23/47 MP: 4/4
  2000 | D:3      | Reached skill level 5 in Fighting
  2313 | D:3      | Reached *** piety under Trog
  2404 | D:3      | Reached skill level 6 in Axes
  2691 | D:3      | Noticed an ogre
  2692 | D:3      | Reached XP level 6. HP: 56/56 MP: 5/5
  3063 | D:3      | Reached skill level 7 in Axes
  3067 | D:3      | Reached XP level 7. HP: 25/62 MP: 6/6
  3086 | D:3      | HP: 3/62 [gnoll shaman/+0 club (1)]
  3088 | D:3      | Reached skill level 5 in Armour
  3585 | D:3      | Reached **** piety under Trog
  3938 | D:4      | Found a basalt altar of Yredelemnul.
  3977 | D:4      | Noticed Eustachio
  3988 | D:4      | Killed Eustachio
  3988 | D:4      | Reached skill level 8 in Axes
  4116 | D:4      | Found a white marble altar of Elyvilon.
  4190 | D:4      | Noticed Pikel
  4196 | D:4      | Killed Pikel
  4196 | D:4      | Reached skill level 9 in Axes
  4196 | D:4      | Reached XP level 8. HP: 73/73 MP: 7/7
  4449 | D:4      | Found a glowing drain.
  4459 | Sewer    | Entered a sewer
  4682 | Sewer    | Reached skill level 10 in Axes
  5264 | D:4      | Noticed Blork the orc
  5271 | D:4      | Killed Blork the orc
  5271 | D:4      | Reached XP level 9. HP: 81/81 MP: 8/8
  5339 | D:5      | Entered Level 5 of the Dungeon
  5459 | D:5      | Noticed Grinder
  5480 | D:5      | Killed Grinder
  5819 | D:5      | Noticed Sigmund
  5831 | D:5      | Killed Sigmund
  5831 | D:5      | Reached skill level 11 in Axes
  5932 | D:5      | Found a staircase to the Ecumenical Temple.
  6551 | D:5      | Found a shattered altar of Ashenzari.
  6553 | D:5      | Found a bloodstained altar of Trog.
  7330 | D:6      | Found an ornate altar of the Wu Jian Council.
  7561 | D:6      | Found an opulent altar of Gozag.
  7620 | D:6      | Found a bloodstained altar of Trog.
  7941 | D:7      | Reached skill level 12 in Axes
  7966 | D:7      | Reached ***** piety under Trog
  7966 | D:7      | Received a gift from Trog
  8321 | D:7      | Found a snail-covered altar of Cheibriados.
  8484 | D:7      | Noticed Duvessa
  8487 | D:7      | Noticed Dowan
  8495 | D:7      | Noticed a manticore
  8498 | D:7      | Killed Duvessa
  8498 | D:7      | Reached XP level 10. HP: 68/91 MP: 9/9
  8499 | D:7      | Killed Dowan
  8895 | D:7      | Noticed Prince Ribbit
  8909 | D:7      | Killed Prince Ribbit
  9978 | D:8      | Noticed Psyche
  9987 | D:8      | Killed Psyche
 10147 | D:8      | Noticed Maggie
 10171 | D:8      | Killed Maggie
 10367 | D:8      | Found the +0 Maxwell's etheric cage {RegenMP+ *Contam rElec
                  | MP+4}
 10407 | D:8      | Reached skill level 13 in Axes
 10414 | D:8      | Found a shimmering blue altar of Sif Muna.
 10491 | D:8      | Found a glowing golden altar of the Shining One.
 10624 | D:8      | Found Damid's Antique Armour Emporium.
 10633 | D:8      | Bought a runed scarf for 208 gold pieces
 10633 | D:8      | Bought a pair of embroidered gloves for 195 gold pieces
 10739 | D:8      | Reached skill level 10 in Fighting
 10983 | D:8      | Noticed Harold
 11001 | D:8      | Killed Harold
 11471 | D:9      | Got a twisted plate armour
 11482 | D:9      | Identified the +1 plate armour of Autumn {+Fly rF+} (You
                  | found it on level 9 of the Dungeon)
 11550 | D:9      | Reached skill level 10 in Armour
 11941 | D:9      | Found a staircase to the Lair.
 12093 | D:9      | Received a gift from Trog
 12101 | D:9      | Reached skill level 14 in Axes
 12359 | D:10     | Entered Level 10 of the Dungeon
 12518 | D:10     | Reached XP level 11. HP: 101/101 MP: 10/10
 12781 | D:10     | Found a staircase to the Orcish Mines.
 13102 | Lair:1   | Entered Level 1 of the Lair of Beasts
 13158 | Lair:1   | Noticed Erica
 13175 | Lair:1   | Killed Erica
 13255 | Lair:1   | Received a gift from Trog
 13264 | Lair:1   | Noticed a wolf spider
 13278 | Lair:1   | Killed a wolf spider
 13329 | Lair:1   | Reached skill level 15 in Axes
 14018 | Lair:1   | Found a hide-covered altar of Uskayaw.
 14018 | Lair:1   | Noticed an oklob plant
 15086 | Lair:2   | Noticed a six-headed hydra
 15093 | Lair:2   | Reached XP level 12. HP: 103/112 MP: 11/11
 15101 | Lair:2   | Killed a three-headed hydra
 15101 | Lair:2   | Reached skill level 16 in Axes
 15903 | Lair:3   | Noticed an eight-headed hydra
 15922 | Lair:2   | Killed a five-headed hydra
 16219 | Lair:3   | Noticed a five-headed hydra
 16242 | Lair:3   | Killed a six-headed hydra
 17033 | Lair:3   | Received a gift from Trog
 17191 | Lair:3   | Reached skill level 17 in Axes
 17923 | Lair:4   | Found a hole to the Spider Nest.
 17923 | Lair:4   | Noticed a six-headed hydra
 17927 | Lair:4   | Noticed a catoblepas
 17936 | Lair:3   | Killed a one-headed hydra
 17936 | Lair:3   | Reached XP level 13. HP: 24/122 MP: 12/12
 17940 | Lair:3   | Received a gift from Trog
 19165 | Lair:4   | Reached skill level 18 in Axes
 19365 | Lair:4   | Found a staircase to the Shoals.
 20691 | Lair:6   | Entered Level 6 of the Lair of Beasts
 20974 | Lair:5   | Received a gift from Trog
 21797 | Lair:6   | Found a runed translucent door.
 21797 | Lair:6   | Found a viscous altar of Jiyva.
 21797 | Lair:6   | Found a staircase to the Slime Pits.
 21873 | Lair:6   | Reached skill level 19 in Axes
 22032 | Lair:6   | Received a gift from Trog
 22052 | Lair:6   | Reached XP level 14. HP: 48/133 MP: 4/13
 22640 | Lair:6   | HP: 6/133 [seven-headed hydra (1)]
 22641 | Lair:6   | Slain by a blink frog

Levels and vault maps discovered:
D:1:      shiori_arrival_oz, layout_basic, st_stairs_7
D:2:      layout_basic, lemuel_crystal_altar, nemelex_xobeh_ov_fountains_minmay
D:3:      lemuel_castle_with_subvaults [lemuel_castle_interior_carwin_2],
          layout_basic, uniq_robin
D:4:      layout_basic, kennysheep_ying_yang, first_ration,
          gup_sewer_entry_bowl, minmay_manual_monstrance, uniq_pikel,
          uniq_eustachio, uniq_blork_the_orc
D:5:      layout_basic, minitemple, minmay_temple_entry_glassed_door,
          st_stairs_3, uniq_sigmund, uniq_grinder
D:6:      layout_gridville, nicolae_overflow_hidden_temple,
          lemuel_crystal_altar, minmay_misc_feat_tiny, trog_butcher_becter
D:7:      minmay_blocky_corners, layout_loops_ring, slow_altar_1, uniq_duvessa,
          uniq_prince_ribbit1
D:8:      layout_loops_corners, lemuel_doored_altar,
          lemuel_coloured_pillars_altar, serial_shops, nicolae_shop_waterfront,
          minmay_puff, uniq_psyche, uniq_maggie, uniq_harold
D:9:      layout_irregular_city, lair_entry_dummy
D:10:     layout_long_grid, david_orc_3
Lair:1:   minmay_lair_venomous_thicket, layout_chaotic_city, lemuel_oklob_altar,
          uniq_erica
Lair:2:   layout_concentric_octagons, patterned_corridor, lemuel_fruit_fields,
          minmay_lair_oklob_chamber, lemuel_fruit_fields
Lair:3:   regret_index_bee_streams, layout_misc_corridors, ice2_lemuel
Lair:4:   layout_regular_city, elwin_shoals_entry_rooms,
          nicolae_spider_entry_non_spiders, nicolae_lair_yak_garden,
          serial_bayou_shore_a
Lair:5:   layout_small_grid, grunt_megastairs_5
Lair:6:   minmay_lair_end_frog_pond, layout_loops_ring, slime_altar_2,
          grunt_forest_large_clearings

Skill      XL: |  1  2  3  4  5  6  7  8  9 10 11 12 13 |
---------------+----------------------------------------+-----
Fighting       | 4 5 7 8 9 10 12 13 14 | 14.7
Axes           | 4 5 6 7 9 10 12 14 15 17 19 | 19.4
Armour         | 3 4 6 7 8 10 11 13 14 | 14.4
Dodging        | |  2.6

Action                   |  1- 3 |  4- 6 |  7- 9 | 10-12 | 13-15 || total
-------------------------+-------+-------+-------+-------+-------++-------
Melee: Hand axe          |   117 |   150 |   378 |    55 |       ||   700
       Headbutt          |     7 |    26 |    79 |   125 |    89 ||   326
       War axe           |       |       |       |   166 |     3 ||   169
       Broad axe         |       |       |       |   123 |       ||   123
       Battleaxe         |       |       |       |   298 |   359 ||   657
       Halberd           |       |       |       |    35 |    17 ||    52
       Executioner's axe |       |       |       |       |    46 ||    46
Invok: Berserk           |       |     1 |     4 |     2 |       ||     7
       Trog's Hand       |       |       |     2 |     4 |       ||     6
  Use: Scroll            |       |       |     9 |    14 |    12 ||    35
       Potion            |       |       |       |     4 |     2 ||     6
 Stab: Petrified         |       |       |       |       |     2 ||     2
       Petrifying        |       |       |       |       |     1 ||     1
  Eat: Chunk             |     2 |     4 |    12 |    11 |     5 ||    34
       Ration            |       |     1 |     3 |     6 |     3 ||    13
Armor: Chain mail        |    66 |    84 |   128 |     8 |       ||   286
       Animal skin       |     1 |       |       |       |       ||     1
       Plate armour      |       |       |       |   448 |   315 ||   763
       Skin              |       |       |       |     7 |       ||     7
Dodge: Dodged            |    53 |    80 |   173 |   409 |   247 ||   962
       Deflected         |       |       |       |     8 |     1 ||     9

Table legend:
 A = Non-vault XP
 B = Vault XP
 C = Vault XP percentage of total XP
 D = Non-vault monster count
 E = Vault monster count
 F = Vault count percentage of total count
                 A         B        C        D         E       F
            +---------+---------+-------+---------+---------+-------
      Total |   34924 |   32797 |  48.4 |     320 |     274 |  46.1
            +---------+---------+-------+---------+---------+-------
        D:1 |      22 |       6 |  21.4 |      15 |       4 |  21.1
        D:2 |      65 |      34 |  34.3 |      26 |      11 |  29.7
        D:3 |     179 |     687 |  79.3 |      18 |      53 |  74.6
        D:4 |     231 |    1094 |  82.6 |      10 |       8 |  44.4
        D:5 |     404 |     863 |  68.1 |      12 |       6 |  33.3
        D:6 |     487 |     250 |  33.9 |      15 |       4 |  21.1
        D:7 |     765 |     571 |  42.7 |      10 |       6 |  37.5
        D:8 |     802 |    1936 |  70.7 |      25 |       7 |  21.9
        D:9 |    1697 |       0 |   0.0 |      43 |       0 |   0.0
       D:10 |    1575 |     210 |  11.8 |      30 |       5 |  14.3
     Lair:1 |    3253 |    2876 |  46.9 |      16 |      13 |  44.8
     Lair:2 |    6998 |       0 |   0.0 |      25 |       0 |   0.0
     Lair:3 |    5912 |    8571 |  59.2 |      16 |      66 |  80.5
     Lair:4 |    3963 |    2216 |  35.9 |      22 |       7 |  24.1
     Lair:5 |    1050 |    4194 |  80.0 |       4 |      13 |  76.5
     Lair:6 |    7521 |    8771 |  53.8 |      33 |      47 |  58.8
      Sewer |       0 |     518 | 100.0 |       0 |      24 | 100.0
            +---------+---------+-------+---------+---------+-------
